 Dungeon Crawl Stone Soup version 0.30.0-12-gd5a94ecb5d (webtiles) character file.

Game seed: 14879071382340926761

567 Leibowitz the Chopper (level 7, 0/61 HPs)
             Began as a Hill Orc Fighter on May 17, 2023.
             Slain by a hound (5 damage)
             ... on level 5 of the Dungeon.
             The game lasted 00:08:26 (3076 turns).

Leibowitz the Chopper (Hill Orc Fighter)            Turns: 3076, Time: 00:08:27

Health: 0/61       AC: 15    Str: 25    XL:     7   Next: 33%
Magic:  7/7        EV:  6    Int:  8    God:
Gold:   222        SH:  9    Dex: 10    Spells: 6/6 levels left

rFire   . . .        a - +0 war axe
rCold   . . .        c - +0 buckler
rNeg    . . .        w - +0 plate armour
rPois   .            u - +0 helmet
rElec   .            (no cloak)
rCorr   .            p - +1 pair of gloves of Lic Caqe {Str+4}
SInv    .            (no boots)
Will    .....        x - amulet of reflection Stlth
                     (no ring)
HPRegen 0.30/turn    (no ring)
MPRegen 0.10/turn

%: reflection
@: mighty
A: no striking features
a: no special abilities


You were on level 5 of the Dungeon.
You visited 1 branch of the dungeon, and saw 5 of its levels.

You collected 261 gold pieces.
You spent 39 gold pieces at shops.

Inventory:

Hand Weapons
 a - a +0 war axe (weapon)
Armour
 c - a +0 buckler (worn)
 p - the +1 pair of gloves of Lic Caqe (worn) {Str+4}
   (You found it on level 2 of the Dungeon)

   Str:       It affects your strength (+4).
 u - a +0 helmet (worn)
 w - a +0 plate armour (worn)
Jewellery
 x - an amulet of reflection (around neck)
Wands
 k - a wand of polymorph (4)
Scrolls
 b - 2 scrolls of teleportation {unknown}
 e - a scroll of amnesia {unknown}
 g - 7 scrolls of identify {unknown}
 h - a scroll of enchant armour {unknown}
 j - 3 scrolls of poison {unknown}
 m - a scroll of enchant weapon {unknown}
 q - a scroll of magic mapping {unknown}
 r - a scroll of torment {unknown}
 v - a scroll of blinking {unknown}
Potions
 f - 3 potions of heal wounds {unknown}
 i - a potion of curing
 l - a potion of mutation {unknown}
 n - a potion of lignification {unknown}
 o - 3 potions of haste {unknown}
 t - a potion of flight {unknown}


   Skills:
 * Level 5.3 Fighting
 * Level 7.2 Axes
 * Level 5.1 Armour
 * Level 4.4 Shields


You had 6 spell levels left.
You didn't know any spells.
Your spell library contained the following spells:

 Spells                   Type           Power      Damage    Failure   Level
 Freeze                   Ice            0%         1d3       100%        1
 Frozen Ramparts          Ice            0%         1d1       100%        3
 Hailstorm                Conj/Ice       0%         3d3       100%        3


Dungeon Overview and Level Annotations

Branches:
Dungeon (5/15)
 Temple: D:4-7

Altars:

Shops:
D:4 **

Annotations:
D:3 3 runed translucent doors, Gabide's ghost, amateur DjCj


Message History

The gnoll closely misses you.
You completely miss the gnoll.
The gnoll is severely wounded.
The gnoll barely misses you. The gnoll hits you but does no damage.
The hound bites you but does no damage. x2
The gnoll attacks as you move away! The gnoll hits you with a +0 flail.
* * * LOW HITPOINT WARNING * * *
The gnoll hits you from afar with a +0 halberd.
* * * LOW HITPOINT WARNING * * *
The gnoll is no longer moving quickly.
You barely miss the gnoll.
The gnoll is severely wounded.
The gnoll hits you with a +0 flail.
* * * LOW HITPOINT WARNING * * *
The gnoll hits you from afar with a +0 halberd.
* * * LOW HITPOINT WARNING * * *
The gnoll hits you with a +0 flail.
* * * LOW HITPOINT WARNING * * *
You feel better. The gnoll completely misses you. You block the gnoll's attack.
You feel very mighty all of a sudden.
The gnoll hits you from afar with a +0 halberd.
* * * LOW HITPOINT WARNING * * *
You block the gnoll's attack.
You feel better. The gnoll barely misses you.
The gnoll hits you with a +0 flail.
* * * LOW HITPOINT WARNING * * *
You slice the gnoll!!
You kill the gnoll!
The gnoll hits you from afar with a +0 halberd!
* * * LOW HITPOINT WARNING * * *
Aiming: Polymorph
Press: ? - help, Shift-Dir - straight line, f - gnoll
Aim: a gnoll, wielding a +0 halberd (will become a frilled lizard, an endoplasm, or a quokka, chance to affect: 57%)
The gnoll evaporates and reforms as a frilled lizard!
You closely miss the frilled lizard. The frilled lizard closely misses you.
You slice the frilled lizard!!
You kill the frilled lizard!
The gnoll returns to its original shape as it dies.
The hound bites you.
You die...

.. ..# ... #.#
#####.# ..>#.#
#.#.###########..
#.###../.l.gh@......#
#......###########.#
..#####.# ## #.# ..
#g# .# #l## .#
#..###.###.#
########...#......#
#..........l.#


You could see an iguana, a hound and a gnoll.

Vanquished Creatures
  A water moccasin (D:4)
  An ogre (D:4)
  A scorpion (D:4)
  2 hounds (D:4)
  A gnoll bouda (D:5)
  An iguana (D:4)
  7 gnolls
  6 adders
  2 worms
  4 dart slugs
  4 orcs (D:3)
  8 endoplasms
  2 giant cockroaches (D:2)
  5 hobgoblins
  2 jackals (D:4)
  7 kobolds
  4 quokkas
  9 ball pythons
  5 bats
  7 frilled lizards
  4 goblins
  6 rats
89 creatures vanquished.

Notes
Turn   | Place    | Note
-------+----------+-------------------------------------------
     0 | D:1      | Leibowitz the Hill Orc Fighter began the quest for the Orb.
     0 | D:1      | Reached XP level 1. HP: 19/19 MP: 1/1
   137 | D:1      | Reached XP level 2. HP: 21/27 MP: 2/2
   354 | D:1      | Reached skill level 3 in Axes
   385 | D:1      | Found a faded altar of an unknown god.
   525 | D:1      | Reached XP level 3. HP: 32/33 MP: 3/3
  1042 | D:2      | Identified the +1 pair of gloves of Lic Caqe {Str+4}
  1072 | D:2      | Reached XP level 4. HP: 40/40 MP: 4/4
  1106 | D:2      | Reached skill level 4 in Axes
  1388 | D:3      | Noticed Gabide's ghost (amateur DjCj)
  1419 | D:3      | Found a runed translucent gate.
  1419 | D:3      | Found a runed translucent gate.
  1419 | D:3      | Found a runed translucent gate.
  1869 | D:4      | Reached XP level 5. HP: 45/47 MP: 5/5
  1872 | D:4      | Reached skill level 5 in Axes
  1993 | D:4      | Noticed an ogre
  2003 | D:4      | Killed an ogre
  2004 | D:4      | Reached XP level 6. HP: 23/53 MP: 6/6
  2215 | D:4      | Found Rucuydwa's Serpentskin Sales.
  2215 | D:4      | Noticed a water moccasin
  2249 | D:4      | Killed a water moccasin
  2250 | D:4      | Reached skill level 5 in Fighting
  2250 | D:4      | Reached skill level 6 in Axes
  2667 | D:4      | Reached XP level 7. HP: 61/61 MP: 7/7
  2673 | D:4      | Reached skill level 7 in Axes
  2673 | D:4      | Reached skill level 5 in Armour
  2914 | D:4      | Found Exuyfif's General Store.
  2922 | D:4      | Bought a potion of curing for 39 gold pieces
  2991 | D:5      | Entered Level 5 of the Dungeon
  3068 | D:5      | HP: 3/61 [gnoll/+0 flail[a gnoll bouda] (1)]
  3076 | D:5      | Slain by a hound

Illustrated notes

Levels and vault maps discovered:
D:1:      ncdulo_halloftheorcs, layout_loops_ring,
          ebering_ecumenical_altar_ruins
D:2:      layout_basic, serial_bayou_crossing
D:3:      layout_rooms, gammafunk_ghost_icy, kennysheep_generic_room_3
D:4:      layout_gridville, serial_shops, shop, guppyfry_shop_venom
D:5:      layout_loops_ring, nicolae_ru_the_path_less_chosen,
          mainiacjoe_overflow_surrounded_room, mainiacjoe_overflow_big_doors,
          temple_statues, serial_shops, nicolae_shop_getting_attention,
          hangedman_decor_clover_reticule, st_stairs_5, uniq_grinder,
          uniq_blork_the_orc

Skill      XL: |  1  2  3  4  5  6  7 |
---------------+----------------------+-----
Axes           | 3 4 5 6 7 |  7.2
Fighting       | 4 5 |  5.3
Armour         | 4 5 |  5.1
Shields        | 4 |  4.4

Action                     |  1- 3 |  4- 6 |  7- 9 || total
---------------------------+-------+-------+-------++-------
  Melee: War axe           |    89 |   159 |    31 ||   279
  Evoke: Wand              |       |       |     1 ||     1
    Use: Potion            |       |       |     3 ||     3
 Armour: Scale mail        |    21 |       |       ||    21
         Chain mail        |    14 |    44 |       ||    58
         Plate armour      |       |    50 |    15 ||    65
  Dodge: Dodged            |    37 |    56 |    13 ||   106
  Block: Buckler           |    23 |    36 |    18 ||    77
